Map: Apotheosis LE

Players

Gracz

  • Race: Zerg Zerg
  • League: Bronze

milamber - Winner!

  • Race: Zerg Zerg
  • League: Silver

VOD

Have the link to the VOD?

Description

Time

  • Played on: Sept. 2, 2016, 6:42 p.m.
  • Length: 17:42
Show
View Real Time Build Order
Export as new Build Order

Gracz Zerg 

Build Orders: Pool First 

Get SALT Encoding   

  12  0:01  Drone  
  13  0:17  Drone  
  13  0:18  Overlord  
  14  0:37  Spawning Pool  
  14  0:40  Drone  
  14  0:43  Drone  
  15  1:15  Hatchery  
  14  1:22  Drone x2  
  14  1:23  Drone  
  17  1:27  Extractor  
  16  1:56  Drone x3  
  19  2:06  Queen  
  21  2:25  Drone  
  21  2:26  Overlord  
  21  2:29  Queen  
  24  2:30  Drone  
  25  2:48  Drone x2  
  27  2:54  Queen  
  29  3:04  Queen  
  31  3:08  Drone x2  
  31  3:09  Drone  
  31  3:10  Drone x2  
  36  3:15  Extractor  
  36  3:17  Extractor  
  36  3:19  Extractor  
  33  3:43  Hatchery  
  32  4:09  Drone x4  
  36  4:24  Overlord  
  36  4:47  Drone  
  36  4:48  Drone x4  
  41  4:55  Drone  
  42  5:19  Drone x5  
  42  5:20  Drone  
  42  5:21  Drone x2  
  50  5:22  Lair  
  50  5:23  Metabolic Boost  
  50  5:43  Overlord x4  
  50  6:09  Queen  
  52  6:24  Drone x3  
  55  6:26  Drone x2  
  55  6:27  Drone  
  58  7:11  Hatchery  
  58  7:12  Infestation Pit  
  58  7:15  Spire  
  55  7:20  Evolution Chamber  
  54  7:23  Evolution Chamber  
  53  8:19  Hive  
  53  8:22  Zerg Melee Weapons Level 1, Zerg Ground Armor Level 1  
  53  8:29  Evolution Chamber  
  53  8:32  Corruptor  
  53  8:33  Corruptor x7  
  68  8:36  Overlord x4  
  68  9:03  Extractor  
  68  9:05  Extractor, Corruptor  
  68  9:06  Corruptor x4  
  76  9:25  Drone x3  
  79  9:49  Overlord x4  
  79  10:03  Drone x2  
  81  10:08  Greater Spire  
  81  10:13  Ultralisk Cavern  
  80  10:14  Zerg Missile Weapons Level 1  
  80  10:15  Zerg Melee Weapons Level 2  
  80  10:16  Zerg Ground Armor Level 2  
  66  11:10  Mutalisk  
  66  11:11  Mutalisk x7  
  56  11:12  Ultralisk x2  
  56  11:13  Ultralisk x2, Corruptor  
  96  11:39  Chitinous Plating  
  96  11:53  Queen  
  98  11:58  Drone x2  
  98  11:59  Drone  
  101  12:21  Brood Lord  
  103  12:25  Drone, Corruptor x6  
  103  12:28  Overlord x6  
  116  12:36  Extractor  
  115  12:38  Extractor, Drone x2  
  116  12:47  Zerg Melee Weapons Level 3  
  116  12:49  Zerg Missile Weapons Level 2  
  116  12:56  Zerg Flyer Weapons Level 1  
  116  13:14  Drone  
  116  13:15  Drone x4  
  116  13:16  Drone  
  122  13:23  Corruptor  
  122  13:24  Corruptor x4  
  132  13:36  Brood Lord  
  132  13:37  Brood Lord  
  136  13:54  Baneling Nest  
  135  14:13  Queen  
  137  14:18  Zerg Ground Armor Level 3  
  137  14:33  Brood Lord x2  
  137  14:34  Brood Lord x3  
  147  14:48  Hatchery  
  146  14:53  Overseer  
  146  14:55  Overseer  
  146  15:21  Extractor  
  146  15:24  Extractor  
  144  15:29  Brood Lord x4  
  152  15:37  Ultralisk x2  
  152  15:42  Ultralisk  
  122  16:21  Mutalisk x4  
  122  16:22  Mutalisk x3  
  108  16:33  Mutalisk x2  
  92  16:56  Mutalisk x3  
  55  17:16  Mutalisk x2  
Show
View Real Time Build Order
Export as new Build Order

milamber Zerg - Winner!

Build Orders: Hatch First, Muta Ling Bane 

Get SALT Encoding   

  12  0:02  Drone  
  13  0:15  Overlord  
  13  0:19  Drone  
  14  0:24  Extractor, Drone  
  15  0:34  Drone  
  16  0:40  Drone  
  17  1:04  Hatchery  
  16  1:12  Spawning Pool  
  16  1:14  Drone  
  16  1:17  Extractor  
  15  1:19  Drone  
  16  1:28  Drone x2  
  18  1:37  Drone  
  19  1:52  Drone  
  20  1:58  Drone  
  21  2:06  Hatchery  
  20  2:23  Queen  
  20  2:28  Queen  
  24  2:35  Drone x2  
  26  2:45  Zergling x4  
  26  2:48  Metabolic Boost  
  26  2:50  Overlord  
  28  2:58  Overlord  
  28  3:09  Queen  
  30  3:22  Spine Crawler  
  30  3:26  Baneling Nest  
  30  3:27  Zergling x10  
  29  3:28  Zergling x2  
  29  3:31  Drone  
  29  3:33  Drone  
  36  3:41  Overlord  
  36  3:48  Zergling x2  
  36  3:49  Zergling x4  
  36  3:53  Overlord  
  39  4:01  Lair  
  39  4:07  Drone x3  
  42  4:15  Drone x3  
  45  4:17  Drone  
  45  4:22  Extractor  
  45  4:25  Extractor  
  45  4:28  Evolution Chamber  
  45  4:29  Evolution Chamber  
  42  4:34  Drone  
  42  4:35  Drone x2  
  45  4:40  Drone x2  
  45  4:43  Drone  
  45  4:45  Drone  
  49  4:46  Drone  
  49  4:52  Spore Crawler  
  49  4:57  Zerg Melee Weapons Level 1  
  49  5:03  Drone x4  
  53  5:17  Drone x4  
  53  5:18  Drone  
  58  5:27  Zerg Ground Armor Level 1  
  58  5:31  Baneling  
  58  5:32  Baneling x5  
  58  5:33  Baneling  
  58  5:36  Centrifical Hooks  
  58  5:46  Extractor  
  57  5:50  Extractor  
  57  5:52  Drone x2  
  57  5:56  Overlord  
  58  6:00  Overlord  
  58  6:03  Overlord  
  58  6:05  Overlord  
  58  6:08  Overlord  
  58  6:25  Extractor  
  57  6:31  Drone x6  
  57  6:32  Spire, Drone x5  
  67  6:33  Drone x4  
  71  6:47  Overlord  
  71  6:48  Overlord x2  
  71  6:52  Pneumatized Carapace  
  71  7:01  Spire  
  71  7:04  Zerg Melee Weapons Level 2  
  70  7:24  Hatchery  
  70  7:29  Zergling x2  
  71  7:30  Zergling x8  
  74  7:41  Infestation Pit  
  73  7:57  Mutalisk  
  73  7:58  Mutalisk x9  
  75  8:00  Extractor  
  75  8:02  Extractor  
  91  8:10  Zerg Flyer Weapons Level 1  
  91  8:15  Zerg Flyer Armor Level 1  
  91  8:24  Hive  
  91  8:33  Drone x2  
  91  8:34  Drone  
  94  8:36  Drone x3  
  94  8:39  Queen  
  99  8:42  Overlord x3  
  99  8:43  Overlord x2  
  99  8:59  Mutalisk x4  
  99  9:00  Mutalisk x2  
  111  9:20  Mutalisk  
  111  9:21  Mutalisk x3  
  111  9:22  Mutalisk  
  111  9:23  Overlord x2  
  111  9:24  Overlord  
  121  9:35  Zerg Ground Armor Level 2  
  121  9:44  Adrenal Glands  
  121  10:05  Hatchery  
  121  10:06  Greater Spire  
  120  10:07  Overlord x2  
  120  10:08  Overlord x3  
  120  10:11  Corruptor x4  
  120  10:13  Corruptor  
  130  10:34  Extractor  
  129  10:36  Zerg Melee Weapons Level 3  
  129  10:41  Hatchery  
  129  10:42  Corruptor x4  
  130  10:47  Extractor  
  123  11:20  Corruptor  
  123  11:21  Corruptor x7  
  139  11:27  Queen  
  141  11:33  Drone x3  
  141  11:36  Drone x3  
  147  11:56  Queen  
  149  12:02  Extractor  
  148  12:09  Extractor  
  148  12:12  Drone x2  
  148  12:13  Drone  
  150  12:16  Drone x2  
  150  12:17  Drone  
  153  12:30  Zerg Flyer Weapons Level 2, Zerg Flyer Armor Level 2  
  153  12:49  Zerg Ground Armor Level 3  
  153  13:06  Brood Lord x9  
  171  13:34  Hydralisk Den  
  170  13:39  Drone  
  170  13:40  Drone x3  
  170  13:41  Drone x3  
  176  13:42  Drone  
  178  13:50  Corruptor x2  
  178  13:51  Corruptor x2  
  186  14:08  Muscular Augments  
  186  14:10  Zerg Missile Weapons Level 1  
  186  14:47  Baneling  
  186  14:48  Baneling x13  
  186  14:50  Zerg Flyer Weapons Level 3  
  186  14:51  Zerg Flyer Armor Level 3  
  186  14:57  Hydralisk x6  
  186  14:58  Hydralisk  
  200  15:47  Overseer x3  
  166  16:20  Zergling x2  
  166  16:21  Zergling x6  
  166  16:22  Hydralisk x7  
  184  16:32  Brood Lord x5  
  198  16:33  Brood Lord x4  
Tags
 
Add a new tag
Caveats
  • Supply blocks, unpowered buildings, or Contaminate may cause inaccurate times.
  • Supply counts are checked every 10 seconds.